[Event "German Bundesliga 2023-24"]
[Site "Germany"]
[Date "2024.02.23"]
[Round "9.52"]
[White "Vogel, Roven"]
[Black "Lammers, Markus"]
[Result "1-0"]
[ECO "D20"]
[WhiteElo "2471"]
[BlackElo "2336"]
[Annotator "TA"]
[PlyCount "73"]
[EventDate "2023.10.20"]
[EventType "team-tourn"]
[EventCountry "GER"]
[SourceTitle "playchess.com"]
[Source "ChessBase"]
[SourceQuality "1"]
[TimeControl "40/6000+30:3000+30"]

1. d4 d5 2. c4 dxc4 3. e4 e5 4. Nf3 exd4 5. Bxc4 Nc6 6. O-O Be6 7. Bxe6 fxe6 8. Qb3 Qd7 9. Qxb7 Rb8 10. Qa6 Bd6 {[%emt 0:02:33] White is slightly better.} 11. Nbd2 Nge7 12. Nb3 e5 13. Bd2 O-O 14. Qc4+ Kh8 15. Ng5 Qe8 {[%emt 0:06:58][%cal Oa7a5] Against Nf7+} 16. Ne6 Rf6 {[%emt 0:06:48] ...Qg8 would now be deadly.} 17. Nec5 Qh5 (17... Bxc5 $11 18. Nxc5 Ng6) 18. f3 $16 (18. Nd7 $6 Rg6 19. Nxb8 Rxg2+ 20. Kxg2 Qg4+ 21. Kh1 Qf3+ 22. Kg1 Qg4+ 23. Kh1 Qf3+ 24. Kg1 Qg4+ 25. Kh1 $11) 18... Rg8 19. Qe2 {[%emt 0:04:37] White has more active pieces.} (19. Nd3 $16) 19... g5 20. Nd3 Rh6 21. g3 Rf6 22. Rac1 Qf7 23. Kh1 (23. Qd1 $16) 23... h6 $14 24. Na5 (24. Nbc5 $14) 24... Nxa5 $11 25. Bxa5 Qxa2 ({Black should try} 25... Ng6 $11) 26. Bxc7 $14 Bxc7 27. Rxc7 Ng6 28. Nb4 {[%emt 0:03:35] Repels Qa6} Qa5 {[%emt 0:12:50] Loses the game.} (28... Qa4 $16 29. Nd5 Rc6) 29. Nd5 $1 $18 Rd6 {[%emt 0:01:53] aiming for ...Rxd5.} 30. Rfc1 Qa6 31. Qg2 {[%emt 0:02:47] And now Qh3 would win.} Qd3 (31... Nf8 $16 {might work better.} 32. Rf7 g4) 32. Rxa7 Rc6 {[%emt 0:00:12] [#]} 33. Rf1 $40 {[%emt 0:01:24][%mdl 128] Hoping for Nb4. White wants a kill.} (33. Rxc6 Qd1+ 34. Qg1 Qxf3+ 35. Qg2 Qd1+ 36. Qg1 Qf3+ 37. Qg2 Qd1+ 38. Qg1 Qf3+ $11) 33... Rgc8 $2 {[%emt 0:06:41] [#]} (33... Rc2 $2 34. Qh3 $18) (33... Rb8 {was necessary.} 34. Kg1 g4 (34... Rc2 $2 35. Qh3 $18) 35. fxg4 Rf8 (35... Rc2 $2 36. Qh3 $18)) 34. Raa1 $1 {[%emt 0:02:11] Black must now prevent Qh3.} ({Weaker is} 34. Nb4 Qxf1+ 35. Qxf1 Rc1 $16) 34... Rb8 ({Avoid the trap} 34... Rc2 $2 35. Qh3 h5 36. Nb4 $18 (36. Qxh5+ Kg7 $18)) (34... Kg7 $142 35. Nb4 Qc4) 35. Qh3 {[%emt 0:02:15] White is clearly winning.} Nf8 36. Qf5 Re8 37. Nb4 {[%emt 0:01:23][%csl LRc6,LRd3] Weighted Error Value: White=0.12 (very precise) /Black=0.35.  Mistake:       	White=3     	Black=6      Inaccurate:     	White=2     	Black=3      OK:         	White=10    	Black=9      Best:        	White=4     	Black=2      Strong:       	White=2     	---} 1-0

[Event "German Bundesliga 2023-24"]
[Site "Germany"]
[Date "2024.02.23"]
[Round "9.53"]
[White "Schulze, Torben"]
[Black "Neef, Maximilian"]
[Result "0-1"]
[ECO "C02"]
[WhiteElo "2325"]
[BlackElo "2466"]
[Annotator "RC"]
[PlyCount "86"]
[EventDate "2023.10.20"]
[EventType "team-tourn"]
[EventCountry "GER"]
[SourceTitle "playchess.com"]
[Source "ChessBase"]
[SourceQuality "1"]
[TimeControl "40/6000+30:3000+30"]

1. e4 e6 2. d4 d5 3. e5 c5 4. c3 Nc6 5. Nf3 Qb6 6. a3 Nh6 7. Bd3 cxd4 8. O-O Nf5 9. b4 Be7 10. Re1 Bd7 11. Bxf5 exf5 12. cxd4 O-O 13. Nc3 Be6 14. Qd3 Rfc8 15. Na4 Qd8 16. Nc5 b6 17. Nxe6 fxe6 18. Bd2 a6 19. b5 axb5 20. Qxb5 Na5 21. a4 Nc4 22. Rec1 Rc7 23. Be1 Bg5 24. Rc3 Bh6 25. h4 Qd7 26. Qb4 Rca7 27. Rxc4 dxc4 28. Qxb6 Ra6 29. Qc5 Rc8 30. Qb4 Qc6 31. Bc3 Rb6 32. Qe7 Rb7 33. Qd6 Rb3 34. Qxc6 Rxc6 35. d5 Rc8 36. Ba5 exd5 37. Nd4 Rd3 38. Nxf5 Ra8 39. Bb4 c3 40. Nxh6+ gxh6 41. Kf1 c2 42. Ke2 Rb3 43. Bd2 Rb1 0-1

[Event "German Bundesliga 2023-24"]
[Site "Germany"]
[Date "2024.02.23"]
[Round "9.54"]
[White "Maiwald, Jens-Uwe"]
[Black "Pubantz, Jan"]
[Result "1-0"]
[ECO "B12"]
[WhiteElo "2445"]
[BlackElo "2299"]
[Annotator "RC"]
[PlyCount "93"]
[EventDate "2023.10.20"]
[EventType "team-tourn"]
[EventCountry "GER"]
[SourceTitle "playchess.com"]
[Source "ChessBase"]
[SourceQuality "1"]
[TimeControl "40/6000+30:3000+30"]

1. e4 c6 2. d4 d5 3. e5 Bf5 4. h4 h6 5. g4 Be4 6. f3 Bh7 7. e6 c5 8. dxc5 Nc6 9. Nc3 fxe6 10. Bd3 Nf6 11. Nh3 Nd7 12. Bxh7 Rxh7 13. Qd3 g6 14. Bf4 Rf7 15. O-O-O Bg7 16. Rhe1 Nde5 17. Bxe5 Nxe5 18. Rxe5 Bxe5 19. Qxg6 Bxc3 20. bxc3 Qc7 21. g5 Qe5 22. gxh6 Qf5 23. Qg4 O-O-O 24. Ng5 Rf6 25. Qxf5 Rxf5 26. h7 Rf6 27. c4 Rh8 28. cxd5 exd5 29. Rxd5 Rf4 30. h5 Rh4 31. Ne6 a6 32. Rg5 Kd7 33. Rg8 Kxe6 34. Rxh8 Rxh5 35. Kb2 Rh3 36. c3 Kd7 37. Kb3 Rh4 38. f4 Ke6 39. a3 Kd7 40. f5 Kc7 41. c6 Kb6 42. c4 Rh3+ 43. Kc2 Kc7 44. cxb7 Kxb7 45. c5 Rh6 46. Kd2 Rh2+ 47. Ke3 1-0

[Event "German Bundesliga 2023-24"]
[Site "Germany"]
[Date "2024.02.23"]
[Round "9.55"]
[White "Hampel, Felix"]
[Black "Boensch, Uwe"]
[Result "0-1"]
[ECO "E12"]
[WhiteElo "2298"]
[BlackElo "2456"]
[Annotator "TA"]
[PlyCount "60"]
[EventDate "2023.10.20"]
[EventType "team-tourn"]
[EventCountry "GER"]
[SourceTitle "playchess.com"]
[Source "ChessBase"]
[SourceQuality "1"]
[TimeControl "40/6000+30:3000+30"]

1. c4 e6 2. Nf3 b6 3. Nc3 Bb7 4. a3 Nf6 5. d4 d5 6. e3 Nbd7 7. Bd3 Bd6 8. Qc2 ({White should try} 8. b4 $11) 8... c5 {[%emt 0:08:37] Black is slightly better.} 9. cxd5 exd5 10. dxc5 bxc5 11. O-O O-O 12. b4 Rc8 13. Nb5 Ne5 14. Nxd6 Nxf3+ 15. gxf3 Qxd6 16. bxc5 Rxc5 17. Qb2 Ba6 18. Qe2 Bxd3 19. Qxd3 Qe5 $40 {[%emt 0:00:01][%mdl 128] Dodges Bb2. White is in trouble. Black is more active.} 20. Bd2 {[%emt 0:02:32] White is weak on the light squares} Qg5+ (20... Qh5 {looks sharper.} 21. Bb4 Ne4 22. Qd1 Rc6) 21. Kh1 Qh5 22. e4 $1 Qh3 {[%emt 0:04:54][%cal Of6e4] And now ...Nxe4! would win.} 23. e5 {[%emt 0:01:49][%mdl 8192] [#]} (23. Qe3 $15 Rfc8 24. Rad1) 23... Ne4 $1 {[%emt 0:03:01][%mdl 512] aiming for ...Nxd2.} 24. Be1 (24. Bf4 Rc3 25. Qe2 Rxf3 (25... Qxf3+ 26. Qxf3 Rxf3 27. Be3 $17) 26. Be3) (24. Rae1 Nxd2) 24... Ng5 (24... Rc2 $142 25. Bd2 Rxd2 (25... Nxd2 $2 26. Rg1 $19)) 25. Bd2 $19 {[%emt 0:02:21] [#]} Ne4 26. Be1 $1 {[%emt 0:00:06] [#]} ({Don't go for} 26. Bb4 $2 Rc6 27. Bd6 (27. Bxf8 $2 {gets mated.} Rh6 28. fxe4 Qxh2#) 27... Rfc8 $19 (27... Nxd6 $2 28. exd6 Rxd6 29. Rg1 $19)) 26... Rc2 $3 {[%emt 0:03:37][%mdl 512] ( -> ...Nc5)} 27. Rd1 Ng5 28. Bd2 {[%emt 0:02:20] [#]} Rxd2 $1 29. Qxd2 (29. Qe3 Rxd1) 29... Qxf3+ 30. Kg1 Nh3# {[%emt 0:00:05] Weighted Error Value: White=0.89/Black=0.80.  Loses game:     	White=1     	---        Mistake:       	White=2     	Black=1      Inaccurate:     	White=4     	Black=2      OK:         	White=6     	Black=6      Best:        	White=1     	Black=1      Strong:       	White=1     	---        Brilliant:      	---       	Black=1} 0-1

[Event "German Bundesliga 2023-24"]
[Site "Germany"]
[Date "2024.02.23"]
[Round "9.56"]
[White "Tischbierek, Raj"]
[Black "Voege, Tobias"]
[Result "1-0"]
[ECO "C11"]
[WhiteElo "2423"]
[BlackElo "2283"]
[Annotator "RC"]
[PlyCount "109"]
[EventDate "2023.10.20"]
[EventType "team-tourn"]
[EventCountry "GER"]
[SourceTitle "playchess.com"]
[Source "ChessBase"]
[SourceQuality "1"]
[TimeControl "40/6000+30:3000+30"]

1. e4 e6 2. d4 d5 3. Nc3 Nf6 4. e5 Nfd7 5. Nf3 c5 6. dxc5 Nc6 7. Bf4 Bxc5 8. Bd3 f6 9. exf6 Nxf6 10. O-O O-O 11. Bg3 Bd7 12. Na4 Be7 13. c4 Nb4 14. Nc3 Nxd3 15. Qxd3 dxc4 16. Qxc4 Rc8 17. Qe2 Nd5 18. Ne5 Nxc3 19. bxc3 Bf6 20. Rfd1 Bxe5 21. Bxe5 Qe8 22. Rab1 Bc6 23. Rb4 Rd8 24. Re1 Rf7 25. Rg4 b5 26. f3 Bd5 27. Qf2 Qc6 28. Bd4 Rdd7 29. h3 Bc4 30. Re5 Rd5 31. Qg3 Rxe5 32. Bxe5 Qb7 33. a3 Bd3 34. Rd4 Rd7 35. Bxg7 Bg6 36. Rxd7 Qxd7 37. Bd4 Qd5 38. Qb8+ Kf7 39. Qxa7+ Ke8 40. Qb8+ Kd7 41. Be5 Qc6 42. Kh2 Qc5 43. Kg3 Bd3 44. h4 Bg6 45. Kf4 Bf5 46. g4 Bc2 47. h5 Bd3 48. Qg8 Qxa3 49. Kg5 Qe7+ 50. Kh6 Qe8 51. Qxe8+ Kxe8 52. Kg7 Be2 53. g5 Bxf3 54. g6 h6 55. Kxh6 1-0

[Event "German Bundesliga 2023-24"]
[Site "Germany"]
[Date "2024.02.25"]
[Round "11.1"]
[White "Eljanov, Pavel"]
[Black "Kadric, Denis"]
[Result "1-0"]
[ECO "E71"]
[WhiteElo "2695"]
[BlackElo "2579"]
[Annotator "TA"]
[PlyCount "45"]
[EventDate "2023.10.20"]
[EventType "team-tourn"]
[EventCountry "GER"]
[SourceTitle "playchess.com"]
[Source "ChessBase"]
[SourceQuality "1"]
[TimeControl "40/6000+30:3000+30"]

1. d4 Nf6 2. c4 g6 3. Nc3 Bg7 4. e4 d6 5. h3 e5 6. d5 a5 7. Bg5 Na6 8. Bd3 {[%emt 0:02:28] White is slightly better.} Bd7 9. Nge2 h6 10. Be3 h5 11. Qd2 a4 12. O-O O-O 13. Kh1 c6 14. f4 (14. Nxa4 cxd5 15. Nac3 d4 16. Nxd4 exd4 17. Bxd4 Re8 $19) 14... cxd5 {[%emt 0:05:06] aiming for ...d4.} 15. fxe5 (15. Nxd5 $6 Nxd5 16. exd5 exf4 (16... Nc5 17. Bxc5 dxc5 18. f5 $15) 17. Bxf4 Qf6 $11) 15... Nxe4 16. Bxe4 dxe4 17. Bg5 {[%emt 0:06:04][%cal Be3g5,Bg5f6,Bf6g7][%mdl 32] White is much more active.} (17. Qxd6 Bc6 $11) 17... Qc8 {[%emt 0:18:23] This move loses the game for Black.} (17... Qa5 $1 $14) 18. Nd5 $18 {[%emt 0:09:20] And now Ne7+ would win.} (18. exd6 Qxc4 19. Bf6 Rae8 $11) (18. Nxe4 Bc6 (18... Qxc4 $2 19. Nf6+ Bxf6 20. Bxf6 $18) 19. N2c3 dxe5 $14) (18. Qxd6 a3 $14) 18... Qxc4 $2 {[%emt 0:00:09] [#]} (18... Kh7 19. Nb6 (19. exd6 f5 $18) 19... Qe8 20. Nxa8 (20. exd6 f6 $18) (20. Qxd6 Bc6 $18) 20... Qxa8) 19. Nf6+ $1 {[%emt 0:00:49] White is clearly winning.} (19. exd6 Qd3 $11) 19... Bxf6 20. Bxf6 Kh7 {[%emt 0:00:02] [#] Prevents Qh6+.} 21. Ng3 $1 (21. exd6 Bc6 $16) 21... Nc5 {[%emt 0:26:19] [#]} (21... e3 $142 22. Qxe3 Rac8 23. Nxh5 (23. exd6 Rfe8 $18) 23... a3) 22. Nxh5 $1 Ne6 {[%emt 0:01:10] [#] Prevents Bg7} (22... e3 23. Qxe3) 23. Bg7 $1 {[%emt 0:02:13][%mdl 512] Weighted Error Value: White=0.07 (flawless) /Black=0.47.  Mistake:       	---       	Black=3      Inaccurate:     	White=2     	Black=1      OK:         	White=7     	Black=5      Strong:       	White=2     	---        Brilliant:      	White=1     	---} 1-0

[Event "German Bundesliga 2023-24"]
[Site "Germany"]
[Date "2024.02.25"]
[Round "11.2"]
[White "Brkic, Ante"]
[Black "Shengelia, David"]
[Result "1-0"]
[ECO "B47"]
[WhiteElo "2606"]
[BlackElo "2494"]
[Annotator "ChessBase"]
[PlyCount "61"]
[EventDate "2023.10.20"]
[EventType "team-tourn"]
[EventCountry "GER"]
[SourceTitle "playchess.com"]
[Source "ChessBase"]
[SourceQuality "1"]
[TimeControl "40/6000+30:3000+30"]

1. e4 c5 2. Nf3 e6 3. d4 cxd4 4. Nxd4 Nc6 5. Nc3 Qc7 6. Be2 Nf6 7. Ndb5 Qb8 8. f4 a6 9. e5 axb5 10. exf6 b4 11. fxg7 Bxg7 12. Nb5 d5 13. O-O O-O 14. Bd3 f5 15. c3 d4 16. cxd4 Nxd4 17. Be3 Nxb5 18. Bxb5 Bxb2 19. Rb1 Bf6 20. Bb6 Rxa2 21. Rxb4 Ra1 22. Qd3 Qa8 23. Rxa1 Qxa1+ 24. Rb1 Qa2 25. Rd1 Qb2 26. Rb1 Qa2 27. Rd1 Qb2 28. Bc5 Rf7 29. Ba3 Bd4+ 30. Kh1 Qa2 31. Bc4 1-0

[Event "German Bundesliga 2023-24"]
[Site "Germany"]
[Date "2024.02.25"]
[Round "11.3"]
[White "Baidetskyi, Valentin"]
[Black "Predojevic, Borki"]
[Result "1/2-1/2"]
[ECO "C11"]
[WhiteElo "2471"]
[BlackElo "2580"]
[Annotator "TA"]
[PlyCount "44"]
[EventDate "2023.10.20"]
[EventType "team-tourn"]
[EventCountry "GER"]
[SourceTitle "playchess.com"]
[Source "ChessBase"]
[SourceQuality "1"]
[TimeControl "40/6000+30:3000+30"]

1. e4 e6 2. d4 d5 3. Nc3 Nf6 4. e5 Nfd7 5. f4 c5 6. Nf3 Nc6 7. Be3 cxd4 8. Nxd4 Qb6 9. Na4 Qa5+ 10. Nc3 Qb6 11. Ncb5 {[%emt 0:03:24][%cal Od4f5] Nf5! would now be deadly.} a6 {[%emt 0:06:11] The position is equal.} 12. Nf5 $1 Bc5 13. Nbd6+ $1 (13. Nxg7+ $2 Kf8 14. Nxe6+ fxe6 15. Bxc5+ Nxc5 $19) 13... Kf8 14. Qh5 Nd8 15. Nxg7 Bxe3 ({Don't go for} 15... Qxb2 $2 16. Nxe6+ Ke7 17. Qg5+ (17. Bxc5 Qc3+ 18. Kd1 Nxc5 $18) (17. Nxc5 Nxc5 18. Qh4+ Kd7 $18) 17... Nf6 18. Qxf6+ $18 (18. Bxc5 Nxe6 19. Qxf6+ Kd7 $18)) 16. Qh6 {[%emt 0:09:56] [#] White wants to mate with Ngf5+. Dancing on a razor blade.} Ke7 {[%emt 0:03:53] Strongly threatening ...Nxe5.} ({Not} 16... Qxb2 17. Ngf5+ Kg8 18. Ne7#) 17. Ngf5+ exf5 18. Nxf5+ Ke8 19. Nd6+ Ke7 20. Nf5+ Ke8 21. Nd6+ Ke7 22. Nf5+ Ke8 {[%emt 0:00:05] Not much happened in this game.   Weighted Error Value: White=0.02 (flawless) /Black=0.00 (flawless) .  OK:         	White=3     	Black=3      Best:        	White=5     	Black=3      Strong:       	White=2     	---} 1/2-1/2

[Event "German Bundesliga 2023-24"]
[Site "Germany"]
[Date "2024.02.25"]
[Round "11.4"]
[White "Markus, Robert"]
[Black "Kindermann, Stefan"]
[Result "1-0"]
[ECO "D10"]
[WhiteElo "2582"]
[BlackElo "2444"]
[Annotator "ChessBase"]
[PlyCount "63"]
[EventDate "2023.10.20"]
[EventType "team-tourn"]
[EventCountry "GER"]
[SourceTitle "playchess.com"]
[Source "ChessBase"]
[SourceQuality "1"]
[TimeControl "40/6000+30:3000+30"]

1. d4 d5 2. c4 c6 3. Nc3 Nf6 4. e3 Bf5 5. f3 e6 6. g4 Bg6 7. h4 h5 8. g5 Nfd7 9. Nge2 Bd6 10. Bg2 O-O 11. O-O a6 12. b3 b5 13. c5 Bc7 14. f4 Bf5 15. Ng3 g6 16. e4 Bg4 17. Qd2 dxe4 18. Ncxe4 a5 19. Bb2 Na6 20. Qc3 b4 21. Qe3 Ra7 22. Nf2 Bb8 23. Nxg4 hxg4 24. Bxc6 Nc7 25. d5 Nxd5 26. Bxd5 exd5 27. Qd4 f6 28. Qxd5+ Kh7 29. Rad1 Qe7 30. c6 Qc5+ 31. Qxc5 Nxc5 32. Bd4 1-0

[Event "German Bundesliga 2023-24"]
[Site "Germany"]
[Date "2024.02.25"]
[Round "11.5"]
[White "Hertneck, Gerald"]
[Black "Stevic, Hrvoje"]
[Result "0-1"]
[ECO "D13"]
[WhiteElo "2441"]
[BlackElo "2549"]
[Annotator "TA"]
[PlyCount "86"]
[EventDate "2023.10.20"]
[EventType "team-tourn"]
[EventCountry "GER"]
[SourceTitle "playchess.com"]
[Source "ChessBase"]
[SourceQuality "1"]
[TimeControl "40/6000+30:3000+30"]

1. d4 d5 2. Nf3 Nf6 3. c4 c6 4. cxd5 cxd5 5. Nc3 Nc6 6. Bf4 a6 7. e3 Bg4 8. Be2 e6 9. O-O Bd6 10. Ne5 Bxe2 11. Qxe2 Rc8 12. Bg3 {[%emt 0:01:18] The position is equal.} O-O 13. Rfd1 Qe7 14. f4 Ne4 15. Nxe4 dxe4 16. Nxc6 Rxc6 17. d5 exd5 18. Rxd5 Rd8 19. Rad1 Bc7 20. Rxd8+ Bxd8 21. Rd5 Rc1+ 22. Kf2 (22. Be1 $1 $11) 22... Qc7 $15 23. f5 Qc8 24. Bf4 Bh4+ 25. g3 Bf6 26. g4 h6 (26... g5 $142 $1 27. fxg6 hxg6) 27. Rd1 {[%emt 0:00:55] [#]} (27. Kg3 $142) 27... Bxb2 $1 $17 28. Kg3 (28. h4 h5) 28... Bf6 29. h4 Rxd1 30. Qxd1 {[%emt 0:00:06] [#]} Qd8 $1 31. Qxd8+ Bxd8 $19 {[%emt 0:00:03][%mdl 4096] Endgame. KB-KB} 32. g5 $2 (32. Bd6) 32... hxg5 33. Bxg5 f6 34. Bf4 {[%emt 0:00:06] [#]} Bb6 $1 35. h5 Bc5 36. Kf2 $2 (36. h6) 36... b5 37. Ke2 a5 38. Kd2 b4 39. Kc2 a4 40. Kb2 Kf7 41. Kc2 Ke8 {[%emt 0:50:35] ...Kd7 would now be deadly.} 42. h6 gxh6 {[%emt 0:02:28] aiming for ...h5.} 43. Bxh6 Bd6 {[%emt 0:00:04] Weighted Error Value: White=0.79/Black=0.10 (very precise) .  Mistake:       	White=4     	Black=1      Inaccurate:     	White=3     	---        OK:         	White=8     	Black=10     Best:        	---       	Black=2      Strong:       	---       	Black=2      Brilliant:      	---       	Black=1} 0-1

[Event "German Bundesliga 2023-24"]
[Site "Germany"]
[Date "2024.02.25"]
[Round "11.6"]
[White "Jovanovic, Zoran"]
[Black "Zysk, Robert"]
[Result "1-0"]
[ECO "C13"]
[WhiteElo "2513"]
[BlackElo "2388"]
[Annotator "TA"]
[PlyCount "85"]
[EventDate "2023.10.20"]
[EventType "team-tourn"]
[EventCountry "GER"]
[SourceTitle "playchess.com"]
[Source "ChessBase"]
[SourceQuality "1"]
[TimeControl "40/6000+30:3000+30"]

1. e4 e6 2. d4 d5 3. Nc3 Nf6 4. Bg5 dxe4 5. Nxe4 Nbd7 6. Nf3 h6 7. Bxf6 Nxf6 8. Bd3 Be7 9. Qe2 Nxe4 {[%emt 0:17:27] White is slightly better.} 10. Bxe4 c5 11. O-O-O O-O 12. dxc5 Qc7 {[%emt 0:02:01][%cal Oa8b8] [#] Black is weak on the light squares} 13. Ne5 $1 Bxc5 (13... Qxe5 $2 14. Bh7+ Kxh7 15. Qxe5 $18) (13... Bf6 14. f4) 14. f4 Bd6 15. g3 {[%emt 0:01:38] White is much more active. The black rooks are passive.} ({Better is} 15. g4 $16) 15... Bxe5 $11 16. fxe5 Bd7 (16... Qxe5 $2 17. Bh7+ Kxh7 18. Qxe5 $18) 17. Rd6 Bc6 18. Bxc6 bxc6 19. Rf1 Rab8 20. Rf4 Qa5 21. a4 (21. Rxc6 $2 {is the wrong capture.} Qxa2 22. b4 a5 $19) 21... Rb4 22. b3 Rxf4 23. gxf4 $14 {[%emt 0:00:14][%mdl 4096] Endgame. KQR-KQR} Qc3 24. Kb1 {[%emt 0:02:33] Wards off Qa1+} Rb8 25. Qd3 {[%emt 0:01:31] White now steadily converts the win.} Qe1+ (25... Qxd3 $14 26. Rxd3 g5) 26. Kb2 $16 Qh4 (26... Qg1 $16) 27. Qg3 $36 {[%emt 0:00:48][%mdl 2048] Keeping Black busy.} ({Inferior is} 27. Rxc6 Qxf4 28. Qd6 Rb7 $11) 27... Qe7 28. Rxc6 Rd8 29. Qe3 g6 30. Rc4 Qh4 $2 (30... Qb7 31. Qc5 Qb8) 31. h3 Qe7 32. Qc5 Qxc5 33. Rxc5 {[%emt 0:00:02] KR-KR} g5 (33... Rd7 $142 34. b4 Kg7) 34. fxg5 {[%emt 0:00:16] White is clearly winning.} hxg5 35. a5 Kg7 36. b4 Rh8 (36... a6 $142 37. Rc6 Rb8) 37. Rc7 Rh4 38. c3 (38. Rxa7 Rxb4+ 39. Kc3 Rh4 $18) 38... a6 39. Rc6 Rxh3 40. Rxa6 g4 41. Rd6 g3 42. Rd1 Kg6 43. a6 {[%emt 0:00:58] Weighted Error Value: White=0.16 (very precise) /Black=0.36.  Mistake:       	White=1     	Black=5      Inaccurate:     	White=2     	Black=6      OK:         	White=10    	Black=7      Best:        	White=5     	Black=2      Brilliant:      	White=1     	---} 1-0

[Event "German Bundesliga 2023-24"]
[Site "Germany"]
[Date "2024.02.25"]
[Round "11.7"]
[White "Kruckenhauser, Arthur"]
[Black "Kovacevic, Aleksandar"]
[Result "1/2-1/2"]
[ECO "B23"]
[WhiteElo "2313"]
[BlackElo "2445"]
[Annotator "TA"]
[PlyCount "131"]
[EventDate "2023.10.20"]
[EventType "team-tourn"]
[EventCountry "GER"]
[SourceTitle "playchess.com"]
[Source "ChessBase"]
[SourceQuality "1"]
[TimeControl "40/6000+30:3000+30"]

1. e4 c5 2. Nc3 d6 3. Bb5+ Nd7 4. a4 a6 5. Be2 Ngf6 6. f4 e6 7. Nf3 b6 8. O-O Bb7 9. d3 Be7 10. Qe1 O-O 11. Nd1 c4 12. e5 cxd3 13. Bxd3 Ne8 14. b4 a5 15. c3 g6 16. Be4 Bxe4 17. Qxe4 Rc8 18. Bd2 axb4 19. cxb4 dxe5 20. fxe5 Nxe5 21. Qxe5 Bf6 22. Bg5 Bxe5 23. Bxd8 Bxa1 24. Bxb6 Nf6 25. Ne3 Bc3 26. Bc5 Rfd8 27. Nd1 Ba1 28. Ne3 {[%emt 0:00:34] [#]} Bb2 $1 29. Nd1 Ba1 (29... Rxc5 $17 30. bxc5 Ba3) 30. Ne3 $15 Bc3 $2 (30... Rxc5 $1 $15 31. bxc5 Bc3) 31. Nd1 $19 Ne4 32. Nxc3 Nxc3 33. a5 Rd5 34. a6 Na4 35. Bd4 Ra8 36. a7 Rb5 37. Rb1 f6 ({Inferior is} 37... Nb6 38. Ne5 $11) 38. Nd2 $2 (38. Bxf6 Rxa7 39. Bd4) 38... e5 $19 39. Be3 Nc3 40. Rb3 Nd5 (40... Ne2+ $142 41. Kf1 Nd4 42. Bxd4 exd4) 41. Bc5 $19 Rxc5 42. bxc5 Rxa7 43. c6 Ra1+ 44. Kf2 Rc1 45. Rb8+ Kf7 46. Rb7+ Ke6 47. Rxh7 Rxc6 48. h4 (48. g3 {is the only way for White.}) 48... Rc2 $19 49. Ke1 Nc3 ({Less strong is} 49... Ne3 50. g3 $17) 50. h5 e4 51. hxg6 $2 (51. Nc4 gxh5 (51... Rxg2 $2 52. Kf1 $19) 52. Rxh5) 51... e3 $19 52. Nb3 Rxg2 (52... Rb2 $142 53. Nc5+ Kd5) 53. Nd4+ Kd5 (53... Ke5 $142 54. Nf3+ Kf4) 54. Kf1 (54. Rd7+ $19 Ke4 55. Kf1 Rxg6 56. Nc2) 54... Rxg6 $2 (54... Rf2+ {mates} 55. Ke1 Kxd4 56. Re7 Rc2 57. Kf1 e2+ 58. Kf2 Ne4+ 59. Rxe4+ Kxe4 60. g7 e1=R+ 61. Kxe1 Rg2 62. Kf1 Rxg7 63. Kf2 Rg8 (63... Rg2+ {is a self mate.} 64. Kxg2 f5 65. Kh3 Ke3 66. Kg2 f4 67. Kf1 Kf3 68. Ke1 Kg2 69. Ke2 f3+ 70. Kd3 f2 71. Ke4 f1=Q 72. Kd5 Kf3 73. Kd6 Ke4 74. Kc6 Qc4+ 75. Kd6 Kf5 76. Kd7 Ke5 77. Ke8 Ke6 78. Kf8 Qg4 79. Ke8 Qg8#) 64. Ke2 Rg2+ 65. Kf1 Rc2 66. Ke1 Ke3 67. Kf1 Ra2 68. Kg1 Kf3 69. Kh1 Kg3 70. Kg1 Ra1#) 55. Nc2 $1 $15 Rg3 56. Re7 $1 e2+ 57. Kf2 Rh3 58. Rc7 (58. Ke1 $1 $15) 58... f5 $2 (58... Ke4 $19 {Hoping for ...Rf3+.} 59. Ne1 Nb5 60. Re7+ Kf4 61. Ng2+ Kg4 62. Rg7+ Kf5 63. Kxe2 Nc3+ 64. Kd2 Nd5) 59. Kg2 $1 $11 Kd6 60. Rc8 (60. Kxh3 $11 Kxc7 61. Kg3) 60... Re3 $1 $17 61. Kf2 $1 Nd1+ $1 62. Ke1 Re5 (62... Re4 $15 63. Rd8+ Ke7) 63. Nd4 f4 64. Nxe2 f3 65. Kxd1 Rxe2 66. Rc3 1/2-1/2

[Event "German Bundesliga 2023-24"]
[Site "Germany"]
[Date "2024.02.25"]
[Round "11.8"]
[White "Zelcic, Robert"]
[Black "Zeller, Frank"]
[Result "1-0"]
[ECO "C56"]
[WhiteElo "2476"]
[BlackElo "2335"]
[Annotator "RC"]
[PlyCount "71"]
[EventDate "2023.10.20"]
[EventType "team-tourn"]
[EventCountry "GER"]
[SourceTitle "playchess.com"]
[Source "ChessBase"]
[SourceQuality "1"]
[TimeControl "40/6000+30:3000+30"]

1. e4 e5 2. Nf3 Nc6 3. Bc4 Nf6 4. d4 exd4 5. e5 d5 6. Bb5 Nd7 7. Bxc6 bxc6 8. Nxd4 Nxe5 9. O-O Bd6 10. f4 Ng4 11. h3 Nf6 12. Nxc6 Bc5+ 13. Kh2 Qd6 14. Ne5 O-O 15. Qf3 Rb8 16. Nd3 Bb6 17. b3 Bb7 18. Ba3 c5 19. b4 c4 20. b5 Qc7 21. Bxf8 d4 22. Qg3 Rxf8 23. Ne5 Ne4 24. Qe1 Re8 25. Na3 Rxe5 26. fxe5 Qxe5+ 27. g3 Qd5 28. Rf4 f5 29. Qf1 Nd6 30. Re1 d3 31. Nxc4 Nxc4 32. Rxf5 Qd8 33. Qxd3 g6 34. Qxc4+ Kg7 35. Qf7+ Kh6 36. Qf8+ 1-0